 Dungeon Crawl Stone Soup version 0.23.2-33-g5129a83184 (webtiles) character file.

Game seed: 1602076872898457804

136 FishyPogo the Sneak (level 5, -5/42 HPs)
             Began as a Naga Fire Elementalist on Aug 6, 2019.
             Was a Follower of Cheibriados.
             Killed from afar by an orc wizard (6 damage)
             ... with a magic dart
             ... on level 4 of the Dungeon.
             The game lasted 00:15:45 (2594 turns).

FishyPogo the Sneak (Naga Fire Elementalist)        Turns: 2594, Time: 00:15:46

Health: -5/42      AC:  4    Str: 12    XL:     5   Next: 19%
Magic:  3/9        EV: 10    Int: 19    God:    Cheibriados [*.....]
Gold:   185        SH:  0    Dex: 13    Spells: 7/10 levels left

rFire    + . .     SeeInvis +   t - +2 halberd (venom)
rCold    . . .     Gourm    .   (shield currently unavailable)
rNeg     . . .     Faith    .   a - +0 robe
rPois    +         Spirit   .   d - +0 helmet
rElec    .         Reflect  .   o - +0 cloak
rCorr    .         Harm     .   (no gloves)
MR       .....                  (no barding)
Stlth    +++.......             (no amulet)
HPRegen  0.14/turn              i - ring of protection from fire
MPRegen  0.11/turn              p - ring of stealth

@: very slightly contaminated, invisible, very slow
A: large, see invisible, deformed body, poison resistance, slowness 2, slow
metabolism 1, spit poison 1, AC +1
a: Spit Poison, Bend Time, Renounce Religion


You were on level 4 of the Dungeon.
You worshipped Cheibriados.
Cheibriados was aware of your devotion.
You were not hungry.

You visited 1 branch of the dungeon, and saw 4 of its levels.

You collected 185 gold pieces.

Inventory:

Hand Weapons
 g - a +0 club
 t - a +2 halberd of venom (weapon)
Missiles
 f - 88 stones (quivered)
Armour
 a - a +0 robe (worn)
 d - a +0 helmet (worn)
 h - a +1 leather armour of magic resistance
 o - a +0 cloak (worn)
Jewellery
 i - a ring of protection from fire (left hand)
 p - a ring of stealth (right hand)
Scrolls
 b - 2 scrolls of teleportation {unknown}
 j - 3 scrolls of enchant armour {unknown}
 k - 2 scrolls of magic mapping {unknown}
 l - a scroll of enchant weapon {unknown}
 m - 3 scrolls of identify {unknown}
 s - a scroll of noise {unknown}
Potions
 e - 3 potions of haste
 r - a potion of heal wounds
Comestibles
 c - 7 rations
 n - 4 chunks of flesh


   Skills:
 * Level 0.9 Armour
 - Level 1.5 Dodging
 - Level 4.0 Stealth
 - Level 3.0 Spellcasting
 * Level 2.8 Conjurations
 + Level 3.5 Fire Magic


You had 7 spell levels left.
You knew the following spells:

 Your Spells              Type           Power        Failure   Level  Hunger
a - Flame Tongue          Conj/Fire      ###..        4%          1    None
b - Throw Flame           Conj/Fire      ###...       6%          2    ##.....

Your spell library contained the following spells:

 Spells                   Type           Power        Failure   Level  Hunger
 Conjure Flame            Conj/Fire      ###.....     12%         3    ###....
 Inner Flame              Hex/Fire       #.......     22%         3    ###....
 Sticky Flame             Conj/Fire      ###.....     38%         4    ####...
 Fireball                 Conj/Fire      ###.......   75%         5    ######.


Dungeon Overview and Level Annotations

Branches:
Dungeon (4/15)
 Temple: D:4-7

Altars:
Cheibriados
Fedhas
Hepliaklqana
Nemelex Xobeh
Qazlal
Sif Muna
Xom
Yredelemnul

Annotations:
D:4 Natasha, Pikel


Innate Abilities, Weirdness & Mutations

You cannot wear boots.
Your serpentine skin is tough. (AC +1)
You have supernaturally acute eyesight. (SInv)
Armour fits poorly on your strangely shaped body.
Your system is resistant to poisons. (rPois)
You cover ground very slowly.
You have a slow metabolism.
You can spit poison.


Message History

You miscast Flame Tongue.
You are very lightly contaminated with residual magic.
Nothing appears to happen.
An orc comes into view. It is wielding a +0 whip.
The orc wizard points at you and mumbles some strange words.
The magic dart hits you!
You have got your breath back.
The orc wizard barely misses you.
The orc priest mumbles some strange prayers to Beogh against you.
Pain shoots through your body!
* * * LOW HITPOINT WARNING * * *
The orc wizard hits you with a +0 dagger.
* * * LOW HITPOINT WARNING * * *
The orc wizard hits you with a +0 dagger.
* * * LOW HITPOINT WARNING * * *
It was a potion of invisibility.
You fade into invisibility!
The orc wizard casts a spell at you. The magic dart hits you.
You die...

≈≈≈≈≈.≈≈≈≈.#
......≈≈≈≈.#
≈≈≈≈.......#
≈≈≈≈.≈≈≈≈≈.#
≈≈≈≈.≈≈≈≈≈.#
≈≈≈≈.≈≈≈≈≈.#
≈≈≈≈.≈≈≈≈≈.# #####
...........######o)o#
................@o#.o#
###.....############..#
....##.## #o.. .#####.#
....# ..# .... ..## ...
..# ...


You could see an orc priest, an orc wizard and an orc.

Vanquished Creatures
  A slave (D:3)
  3 gnolls
  An adder (D:3)
  3 oozes
  2 worms
  4 dart slugs
  2 leopard geckos (D:1)
  5 orcs
  2 giant cockroaches
  5 hobgoblins
  4 jackals (D:2)
  A quokka (D:2)
  A ball python (D:2)
  6 bats
  6 frilled lizards
  6 goblins
  7 kobolds
  A quokka skeleton (D:4)
  10 rats
70 creatures vanquished.

Notes
Turn   | Place    | Note
-------+----------+-------------------------------------------
     0 | D:1      | FishyPogo the Naga Fire Elementalist began the quest for
                  | the Orb.
     0 | D:1      | Reached XP level 1. HP: 15/15 MP: 3/3
   190 | D:1      | Reached XP level 2. HP: 18/22 MP: 0/5
   194 | D:1      | Learned a level 2 spell: Throw Flame
   399 | D:1      | Reached XP level 3. HP: 28/28 MP: 2/6
  1121 | D:2      | Reached XP level 4. HP: 36/36 MP: 4/8
  1206 | D:2      | Found a basalt altar of Yredelemnul.
  1594 | D:2      | Found a snail-covered altar of Cheibriados.
  1602 | D:2      | Became a worshipper of Cheibriados the Contemplative
  1875 | D:3      | Reached skill level 4 in Stealth
  1911 | D:3      | Reached XP level 5. HP: 14/42 MP: 0/9
  2293 | D:3      | Found a sparkling altar of Nemelex Xobeh.
  2350 | D:3      | Found a shimmering altar of Xom.
  2352 | D:3      | Found a hazy altar of Hepliaklqana.
  2352 | D:3      | Found a deep blue altar of Sif Muna.
  2354 | D:3      | Found a sparkling altar of Nemelex Xobeh.
  2354 | D:3      | Found a stormy altar of Qazlal.
  2354 | D:3      | Found a blossoming altar of Fedhas.
  2492 | D:4      | Noticed Pikel
  2492 | D:4      | Noticed a slave
  2492 | D:4      | Noticed a slave
  2492 | D:4      | Noticed a slave
  2492 | D:4      | Noticed a slave
  2492 | D:4      | Noticed Natasha
  2503 | D:3      | Killed a slave
  2525 | D:4      | Reached * piety under Cheibriados
  2593 | D:4      | HP: 1/42 [orc wizard/+0 dagger (5)]
  2594 | D:4      | Killed from afar by an orc wizard

Skill      XL: |  1  2  3  4 |
---------------+-------------+-----
Conjurations   | 2 |  2.8
Spellcasting   | 3 |  3.0
Stealth        | 4 |  4.0
Armour         | |  0.9
Dodging        | |  1.5
Fire Magic     | |  3.5

Action                   |  1- 3 |  4- 6 || total
-------------------------+-------+-------++-------
Melee: Unarmed           |     1 |       ||     1
       Club              |    22 |    25 ||    47
       Halberd           |       |     1 ||     1
Throw: Stone             |     4 |       ||     4
 Cast: Flame Tongue      |    34 |    50 ||    84
       Throw Flame       |    12 |    11 ||    23
 Abil: Spit Poison       |     2 |     4 ||     6
  Use: Potion            |       |     3 ||     3
 Stab: Sleeping          |     5 |     2 ||     7
  Eat: Chunk             |     1 |     5 ||     6
Armor: Robe              |    11 |     4 ||    15
Dodge: Dodged            |    16 |    36 ||    52
